 Dungeon Crawl Stone Soup version 0.29.1-2-gbd0b4ee654 (webtiles) character file.

Game seed: 15560003500509857939

17 xian the Trooper (level 2, -1/29 HPs)
             Began as a Troll Abyssal Knight on Nov 27, 2022.
             Was a Believer of Lugonu.
             Slain by a hobgoblin
             ... wielding a +0 mace
              (9 damage)
             ... on level 1 of the Dungeon.
             The game lasted 00:02:06 (650 turns).

xian the Trooper (Troll Abyssal Knight)              Turns: 650, Time: 00:02:07

Health: -1/29      AC:  4    Str: 20    XL:     2   Next: 44%
Magic:  2/2        EV: 10    Int:  6    God:    Lugonu [**....]
Gold:   12         SH:  0    Dex: 10    Spells: 1/1 levels left

rFire   . . .      SeeInvis .   a - +1 mace
rCold   . . .      Faith    .   (no shield)
rNeg    . . .      Spirit   .   b - +0 robe
rPois   .          Reflect  .   (helmet restricted)
rElec   .          Harm     .   (no cloak)
rCorr   .          Rampage  .   (gloves unavailable)
Will    .....      Rage     3%  (boots unavailable)
Stlth   +.........              (no amulet)
HPRegen 0.89/turn               (no ring)
MPRegen 0.08/turn               (no ring)

@: no status effects
A: large, unfitting armour, claws 3, regeneration 1, shaggy fur 1, tough skin 1,
berserk 1
a: Renounce Religion, Depart the Abyss, Bend Space


You were on level 1 of the Dungeon.
You worshipped Lugonu.
Lugonu was pleased with you.
You visited 1 branch of the dungeon, and saw 1 of its levels.
You visited the Abyss 1 time.

You collected 12 gold pieces.

Inventory:

Hand Weapons
 a - a +1 mace (weapon)
Armour
 b - a +0 robe (worn)
Scrolls
 c - a scroll of silence {unknown}
 d - a scroll of fog {unknown}
 e - 2 scrolls of immolation {unknown}
 f - a scroll of identify {unknown}


   Skills:
 + Level 2.9 Fighting
 + Level 2.1 Maces & Flails
 + Level 2.0 Dodging
 + Level 1.5 Invocations


You had one spell level left.
You didn't know any spells.
Your spell library was empty.

Dungeon Overview and Level Annotations

Branches:
Dungeon (1/15)

Altars:


Innate Abilities, Weirdness & Mutations

You are too large for most types of armour.
You have claws for hands.
Your natural rate of healing is unusually fast.
You are covered in fur. (AC +1)
You have tough skin. (AC +1)
You sometimes lose your temper in combat.


Message History

The quokka barely misses you. The quokka attacks as you move away!
The quokka bites you but does no damage.
You barely miss the quokka. The quokka bites you. The quokka barely misses you.
The hobgoblin hits you.
You closely miss the quokka. The quokka barely misses you.
The hobgoblin barely misses you.
You sock the quokka!
You kill the quokka!
Lugonu accepts your kill. The hobgoblin barely misses you.
You barely miss the rat. The rat closely misses you.
The hobgoblin barely misses you. The hobgoblin hits you.
The rat completely misses you.
You thump the rat!
You kill the rat!
Lugonu accepts your kill.
You sock the hobgoblin!
You kill the hobgoblin!
Lugonu accepts your kill.
You can now bend space around yourself.
The hobgoblin hits you with a +0 mace!
You completely miss the endoplasm. The endoplasm freezes you.
You are frozen.
You hit the endoplasm.
The endoplasm is severely wounded.
The endoplasm closely misses you. The endoplasm freezes you.
You are frozen.
You hit the endoplasm.
You kill the endoplasm!
Lugonu accepts your kill.
The hobgoblin shoots a sling bullet.
The sling bullet hits you!
* * * LOW HITPOINT WARNING * * *
You hit the hobgoblin.
The hobgoblin is almost dead.
The hobgoblin unwields a +0 sling.
The hobgoblin hits you.
* * * LOW HITPOINT WARNING * * *
The hobgoblin hits you with a +0 mace!
You die...

#..# #..#
##..#.########..#
#...#...........#
..#.##########..#
###.............#
# #####.........#
# #.#####..### #
#..g.#
####@########
#g.......# ####
##..####.# ......
...# ######
..##.. ... ...
##.. ?.... .# #..
.?.# # ##. .$#.


You could see 2 hobgoblins.

Vanquished Creatures
  3 bats (D:1)
  2 endoplasms (D:1)
  2 hobgoblins (D:1)
  3 jackals (D:1)
  A quokka (D:1)
  A ball python (D:1)
  2 rats (D:1)
14 creatures vanquished.

Vanquished Creatures (others)
  2 plants (D:1)
2 creatures vanquished.

Grand Total: 16 creatures vanquished

Notes
Turn   | Place    | Note
-------+----------+-------------------------------------------
     0 | Abyss:1  | xian the Troll Abyssal Knight began the quest for the Orb.
     0 | Abyss:1  | Reached XP level 1. HP: 22/22 MP: 1/1
     0 | Abyss:1  | Found a corrupted altar of Lugonu.
     8 | Abyss:1  | Found a shimmering altar of Xom.
     8 | Abyss:1  | Found a shimmering altar of Xom.
     8 | Abyss:1  | Found a shimmering altar of Xom.
    19 | Abyss:1  | Found a shimmering altar of Xom.
    19 | Abyss:1  | Found a shimmering altar of Xom.
    58 | Abyss:1  | Found a shimmering altar of Xom.
    90 | Abyss:1  | Noticed a crimson imp
   190 | Abyss:2  | Noticed a neqoxec
   190 | Abyss:2  | Noticed a large abomination
   193 | Abyss:2  | Gained mutation: You sometimes lose your temper in combat.
                  | [a neqoxec]
   201 | Abyss:3  | Noticed a tentacled monstrosity
   243 | Abyss:5  | Noticed a water nymph
   243 | Abyss:5  | Noticed a water elemental
   243 | Abyss:5  | Noticed a water nymph
   243 | Abyss:5  | Noticed a worldbinder
   243 | Abyss:5  | Noticed a worldbinder
   247 | D:1      | Escaped the Abyss
   528 | D:1      | Reached XP level 2. HP: 29/29 MP: 2/2
   644 | D:1      | Reached ** piety under Lugonu
   650 | D:1      | Slain by a hobgoblin

Illustrated notes

Levels and vault maps discovered:
D:1:      kilobyte_arrival_exit_the_forest, layout_rooms, minivault_5,
          serial_bayou_pond_c, minmay_hexomino_c4

Skill      XL: |  1  2 |
---------------+-------+-----
Dodging        | 2 |  2.0
Maces & Flails | 2 |  2.1
Fighting       | |  2.9
Invocations    | |  1.5

Action                   || total
-------------------------++-------
Melee: Mace              ||    45
       Punch             ||     2
Invok: Depart the Abyss  ||     1
Armor: Robe              ||    22
Dodge: Dodged            ||    30
